 Dungeon Crawl Stone Soup version 0.17.0-28-g6e173f8 (webtiles) character file.

46 PossumBlood the Conjurer (level 3, 0/21 HPs)
             Began as an Octopode Wizard on Dec 2, 2015.
             Shot with a stone by a goblin (6 damage)
             ... on level 2 of the Dungeon.
             The game lasted 00:06:09 (1579 turns).

PossumBlood the Conjurer (Octopode Wizard)          Turns: 1579, Time: 00:06:09

Health: 0/21       AC:  1    Str:  6    XL:     3   Next: 66%
Magic:  3/7        EV: 12    Int: 21    God:
Gold:   85         SH:  0    Dex: 10    Spells: 1 memorised, 7 levels left

rFire  . . .     SeeInvis .     j - staff of summoning
rCold  . . .     Clarity  .     (no shield)
rNeg   . . .     SustAt   .     a - +0 hat
rPois  .         Gourm    .     k - amulet of inaccuracy (curse)
rElec  .         Spirit   .     l - ring of flight
rCorr  .         Warding  +     (no ring)
rMut   .         Stasis   .     (no ring)
MR     .....                    (no ring)
Stlth  +++.......               (no ring)
                                (no ring)
                                (no ring)
                                (no ring)

@: not resistant to hostile enchantments, fairly stealthy
A: almost no armour, amphibious, 8 rings, constrict 8, camouflage 1, gelatinous
body 1
a: Evoke Flight


You were on level 2 of the Dungeon.
You were not hungry.

You visited 1 branch of the dungeon, and saw 2 of its levels.

You collected 85 gold pieces.

Inventory:

Armour
 a - a +0 hat (worn)
Magical Staves
 j - an uncursed staff of summoning (weapon)
Jewellery
 k - a cursed amulet of inaccuracy (around mantle)
 l - a ring of flight (left tentacle)
Scrolls
 e - a scroll of identify
Potions
 g - a potion of lignification {unknown}
 m - a potion of mutation {unknown}
 n - a potion of heal wounds {unknown}
Books
 b - a book of Minor Magic

   Spells                             Type                      Level
   a - Magic Dart                     Conjuration                  1
   b - Blink                          Translocation                2
   c - Call Imp                       Summoning                    2
   d - Repel Missiles                 Charms/Air                   2
   e - Slow                           Hexes                        2
   f - Conjure Flame                  Conjuration/Fire             3
   g - Mephitic Cloud                 Conjuration/Poison/Air       3
Comestibles
 c - 2 bread rations
 d - 2 meat rations
 f - 2 slices of pizza


   Skills:
 - Level 2.0 Dodging
 - Level 2.6 Stealth
 - Level 3.0 Spellcasting
 * Level 3.4 Conjurations
   Level 1.0 Summonings
   Level 1.0 Translocations


You had 7 spell levels left.
You knew the following spells:

 Your Spells              Type           Power        Failure   Level  Hunger
a - Magic Dart            Conj           ###.         3%          1    None


Dungeon Overview and Level Annotations

Branches:
Dungeon (2/15)

Altars:

Annotations:
D:2 Sigmund


Innate Abilities, Weirdness & Mutations

You cannot wear most types of armour.
You are amphibious.
You can wear up to eight rings at the same time.
You can use your tentacles to constrict eight enemies at once.
Your skin changes colour to match your surroundings (Stealth).
Your rubbery body absorbs attacks (AC +1).


Message History

Aiming: Magic Dart
Press: ? - help, Shift-Dir - straight line, f - bat
Aim: a bat The magic dart hits the bat.
You kill the bat!
The goblin shoots a stone.
The stone hits you.
The goblin shoots a stone.
The stone closely misses you.
You feel yourself speed up.
The goblin shoots a stone.
The stone closely misses you.
You see here 3 stones.
The goblin shoots a stone.
The stone hits you.
* * * LOW HITPOINT WARNING * * *
You see here a stone.
The goblin shoots a stone.
The stone barely misses you.
You see here a stone.
The goblin shoots a stone.
The stone barely misses you.
You see here a stone.
The goblin shoots a stone.
The stone misses you.
The goblin shoots a stone.
The stone hits you.
You die...

#.#####..# .
#........#....
###.#)(.?g....
#.#.####.... #.#.####
.#. #......# ###.##.#
#######(##.##..
#......@.......
########g#####.##.....
..........(.##.# ###.
########.##g##(#
#>##.##.# #...(g.(#
####.#### ## ####.####
#. #.......# #..


You could see a goblin.

Vanquished Creatures
  2 adders (D:2)
  An ooze (D:1)
  2 giant geckos (D:1)
  4 giant cockroaches (D:1)
  A goblin (D:1)
  3 hobgoblins
  2 jackals (D:1)
  A ball python (D:2)
  4 bats
  A giant newt (D:1)
  3 rats
24 creatures vanquished.

Notes
Turn   | Place    | Note
--------------------------------------------------------------
     0 | D:1      | PossumBlood the Octopode Wizard began the quest for the Orb.
     0 | D:1      | Reached XP level 1. HP: 11/11 MP: 4/4
   350 | D:1      | Reached XP level 2. HP: 17/17 MP: 3/6
   974 | D:1      | Reached XP level 3. HP: 16/21 MP: 0/7
  1541 | D:2      | Noticed Sigmund
  1579 | D:2      | Shot with a stone by a goblin

Action                   || total
-------------------------++-------
Melee: Unarmed           ||     7
       Staff             ||     4
 Cast: Magic Dart        ||    64
  Use: Scroll            ||     5
  Eat: Pizza             ||     1
